 Dungeon Crawl Stone Soup version 0.26-a0-962-g9b92081034 (webtiles) character file.

Game seed: 11602412959259923285

3141 Ijustatesigmund the Cleaver (level 9, 0/65 HPs)
             Began as an Octopode Fighter on Dec 2, 2020.
             Slain by a gnoll
             ... wielding a +0 trident
              (3 damage)
             ... in a bailey.
             The game lasted 00:15:52 (5406 turns).

Ijustatesigmund the Cleaver (Octopode Fighter)      Turns: 5406, Time: 00:15:53

Health: 0/65       AC:  1    Str: 16    XL:     9   Next: 93%
Magic:  9/9        EV: 16    Int: 12    God:
Gold:   302        SH: 11    Dex: 18    Spells: 8/8 levels left

rFire    . . .     SeeInvis .   a - +1 war axe (flame)
rCold    . . .     Faith    .   b - +1 kite shield
rNeg     . . .     Spirit   .   (helmet restricted)
rPois    .         Reflect  .   g - amulet of regeneration
rElec    .         Harm     .   i - ring of stealth
rCorr    .         Rampage  .   l - +6 ring of dexterity
MR       .....                  (no ring)
Stlth    ++++......             (no ring)
HPRegen  0.60/turn              (no ring)
MPRegen  0.11/turn              (no ring)
                                (no ring)
                                (no ring)

@: mighty, lightly drained
A: almost no armour, stealthy swim, amphibious, 8 rings, constrict 8, camouflage
1, gelatinous body 1
a: no special abilities


You were in a bailey.
You visited 1 branch of the dungeon, and saw 8 of its levels.
You also visited: Bailey.

You collected 341 gold pieces.
You spent 39 gold pieces at shops.

Inventory:

Hand Weapons
 a - a +1 war axe of flaming (weapon)
 d - a +1 war axe
Missiles
 e - 41 poisoned darts (quivered)
 t - 2 curare-tipped darts
Armour
 b - a +1 kite shield (worn)
Jewellery
 g - an amulet of regeneration (around mantle)
 i - a ring of stealth (left tentacle)
 l - a +6 ring of dexterity (right tentacle)
 o - an uncursed amulet of magic regeneration
 v - a +4 ring of protection {unknown}
Wands
 w - a wand of random effects (18)
Scrolls
 h - a scroll of remove curse
 k - a scroll of fog
 p - a scroll of teleportation
 u - a scroll of amnesia
Potions
 f - 2 potions of flight
 m - a potion of cancellation
 n - a potion of magic {unknown}
 q - a potion of resistance
 r - a potion of lignification {unknown}
 s - a potion of ambrosia {unknown}


   Skills:
 + Level 7.6(7.2) Fighting
 + Level 8.1(7.6) Axes
 + Level 6.7(6.2) Dodging
 + Level 6.7(6.3) Shields


You had 8 spell levels left.
You didn't know any spells.
Your spell library contained the following spells:

 Spells                   Type           Power        Failure   Level
 Sandblast                Erth           #.....       71%         1
 Passwall                 Tmut/Erth      #.......     83%         2
 Stone Arrow              Conj/Erth      #.....       97%         3
 Petrify                  Tmut/Erth      #.......     100%        4
 Lee's Rapid Deconstruct  Erth           #.........   100%        5


Dungeon Overview and Level Annotations

Branches:
Dungeon (8/15)             Temple (0/1) D:6          Bailey (1/1)
   Lair: D:8-11

Altars:
Dithmenos
Hepliaklqana
Makhleb
Nemelex Xobeh
Ru
Trog
Vehumet
Wu Jian

Shops:
D:4 !

Annotations:
D:7 2 runed translucent doors


Innate Abilities, Weirdness & Mutations

You cannot wear most types of armour.
You are very stealthy in the water. (Stealth+)
You are amphibious.
You can wear up to eight rings at the same time.
You can use your tentacles to constrict eight enemies at once.
Your skin changes colour to match your surroundings (Stealth+).
Your rubbery body absorbs attacks. (AC +1, EV +1)


Message History

The gnoll sergeant hits you from afar with a +0 halberd!
* * * LOW HITPOINT WARNING * * *
Evoke which item? (* to show all) (? for menu, Esc to quit)
Aiming: Random Effects
Press: ? - help, Shift-Dir - straight line, f - gnoll sergeant
Aim: a gnoll sergeant, wielding a +0 halberd and wearing a +0 chain mail The fireball explodes!
The fireball engulfs the gnoll sergeant but does no damage.
Your surroundings suddenly seem different.
You hear a shout! x5
A gnoll comes into view. It is wielding a +0 trident.
You block the gnoll's attack.
A gnoll comes into view. It is wielding a +3 halberd.
The gnoll misses you.
The gnoll shouts!
You hit the gnoll. You burn the gnoll. You grab the gnoll.
The gnoll is heavily wounded.
You constrict the gnoll. You block the gnoll's attack.
The gnoll hits you from afar with a +0 trident.
You die...

.. .. ##g##
##...##
##..)..##
#.......#
###+#..$8)).#
#...#..g.)(.#
#.@.##.....##
#.g..##...##
#8.g..##+##
#.....#
##....+
##...# #####


You could see 2 gnolls.

Vanquished Creatures
  Maggie (D:6)
  A shadow (D:6)
  Edmund (D:6)
  An ice beast (D:6)
  An orc warrior (D:6)
  A phantom (D:4)
  2 sky beasts (D:6)
  A black bear (D:6)
  3 ogres
  2 centaurs (D:6)
  6 bullfrogs
  A gnoll sergeant (Bailey)
  2 scorpions
  2 jellies
  2 wights
  A howler monkey (D:6)
  3 hounds
  6 orc wizards
  A gnoll shaman (Bailey)
  A bullfrog skeleton (D:4)
  2 iguanas
  6 worker ants
  A howler monkey zombie (D:5)
  11 gnolls
  A howler monkey skeleton (D:6)
  11 adders
  2 shadow imps
  4 white imps
  2 ufetubi (D:5)
  2 adder zombies
  2 worms
  4 dart slugs (D:1)
  5 leopard geckos
  22 orcs
  A ball python (D:2)
  2 giant cockroaches (D:6)
  5 goblins
  5 hobgoblins
  7 jackals
  A kobold (D:1)
  4 quokkas
  7 bats (D:1)
  2 frilled lizards (D:2)
  A leopard gecko zombie (D:6)
  3 quokka skeletons
  A quokka zombie (D:6)
  12 rats
165 creatures vanquished.

Notes
Turn   | Place    | Note
-------+----------+-------------------------------------------
     0 | D:1      | Ijustatesigmund the Octopode Fighter began the quest for
                  | the Orb.
     0 | D:1      | Reached XP level 1. HP: 16/16 MP: 1/1
   154 | D:1      | Reached XP level 2. HP: 18/21 MP: 2/2
   444 | D:1      | Reached skill level 3 in Axes
   444 | D:1      | Reached XP level 3. HP: 14/26 MP: 3/3
  1403 | D:2      | Found a radiant altar of Vehumet.
  1406 | D:2      | Found a shadowy altar of Dithmenos.
  1409 | D:2      | Found a bloodstained altar of Trog.
  1860 | D:3      | Reached XP level 4. HP: 18/32 MP: 4/4
  1861 | D:3      | Reached skill level 4 in Axes
  1974 | D:4      | Reached XP level 5. HP: 34/37 MP: 5/5
  2340 | D:4      | Reached skill level 5 in Axes
  2340 | D:4      | Reached XP level 6. HP: 39/44 MP: 6/6
  2538 | D:4      | Found Oton's Distillery.
  2546 | D:4      | Bought a potion of curing for 39 gold pieces
  2575 | D:4      | Found a hazy altar of Hepliaklqana.
  2712 | D:5      | Entered Level 5 of the Dungeon
  2713 | D:5      | Noticed a phantom
  2746 | D:4      | Killed a phantom
  2815 | D:5      | Reached XP level 7. HP: 49/49 MP: 7/7
  3017 | D:5      | Found a sacrificial altar of Ru.
  3056 | D:5      | Found an ornate altar of the Wu Jian Council.
  3063 | D:5      | Reached skill level 5 in Fighting
  3397 | D:6      | Noticed Edmund
  3414 | D:6      | Killed Edmund
  3415 | D:6      | Reached skill level 6 in Axes
  3568 | D:6      | Reached XP level 8. HP: 40/56 MP: 8/8
  3602 | D:6      | Found a sparkling altar of Nemelex Xobeh.
  3924 | D:6      | Reached skill level 5 in Dodging
  3924 | D:6      | Reached skill level 5 in Shields
  4186 | D:6      | Found a staircase to the Ecumenical Temple.
  4201 | D:6      | Noticed Maggie
  4214 | D:6      | Reached skill level 7 in Axes
  4328 | D:6      | Reached XP level 9. HP: 48/63 MP: 9/9
  4416 | D:6      | HP: 3/63 [something (34)]
  4880 | D:6      | Killed Maggie
  4928 | D:6      | Found a burning altar of Makhleb.
  5244 | D:7      | Found a runed translucent gate.
  5255 | D:7      | Found a runed translucent gate.
  5346 | D:8      | Found a flagged portal.
  5355 | D:8      | Reached skill level 8 in Axes
  5367 | Bailey   | Entered a bailey
  5401 | Bailey   | HP: 1/64 [gnoll sergeant/+0 halberd (10)]
  5406 | Bailey   | Slain by a gnoll

Illustrated notes

Levels and vault maps discovered:
D:1:      wander_arrival_estate, layout_basic, serial_rivers,
          chequers_serial_rivers_micro_a, chequers_serial_rivers_micro_b,
          chequers_serial_rivers_room_b, chequers_serial_rivers_micro_d
D:2:      layout_loops_cross, minitemple
D:3:      layout_basic, lemuel_round_altar, chequers_ecumenical_altar_simple,
          kennysheep_generic_room_9
D:4:      layout_basic, kennysheep_mini_moat, serial_shops,
          nicolae_shop_waterfront
D:5:      layout_rooms, marbit_many_paths, nicolae_ru_awakened_eye
D:6:      minmay_razor_zed, layout_gridville, kennysheep_mini,
          nemelex_xobeh_ov_fountains_minmay, temple_fountains,
          minmay_divided_ellipse, uniq_edmund, uniq_maggie
D:7:      layout_basic, nicolae_ashenzari_panopticon, tso_metal_star,
          serial_shops, nicolae_shop_waterfront, gammafunk_ghost_split,
          minmay_stone_trees_large
D:8:      layout_basic, zin_treasury, yredelemnul_altar_generic,
          ebering_ghost_inner_flame, enter_bailey_2, basic_altar,
          grunt_tough_drop
Bailey:   bailey_polearm_gnolls_kennysheep, bailey

Skill      XL: |  1  2  3  4  5  6  7  8  9 |
---------------+----------------------------+-----
Axes           | 3 4 5 6 7 8 |  8.1
Fighting       | 4 5 6 7 |  7.6
Dodging        | 4 5 6 |  6.7
Shields        | 4 5 6 |  6.7

Action                   |  1- 3 |  4- 6 |  7- 9 || total
-------------------------+-------+-------+-------++-------
Melee: War axe           |    73 |    61 |   206 ||   340
       Constrict         |    18 |    12 |    44 ||    74
       Tentacles         |     8 |    13 |    54 ||    75
Throw: Dart              |       |     3 |    34 ||    37
Evoke: Wand              |       |       |    12 ||    12
  Use: Scroll            |     5 |     1 |    10 ||    16
       Potion            |       |       |    10 ||    10
 Stab: Sleeping          |     8 |     3 |     9 ||    20
Armor: Skin              |     6 |     2 |     6 ||    14
Dodge: Dodged            |    31 |    28 |   104 ||   163
Block: Kite shield       |    35 |    34 |   130 ||   199

Table legend: (Time is in decaauts)
 A = Elapsed time spent in this place.
 B = Non-inter-level travel time spent in this place.
 C = Inter-level travel time spent in this place.
 D = Time resting spent in this place.
 E = Time spent auto-exploring this place.
 F = Levels seen in this place.
 G = Mean time per level.
                   A        B        C        D        E       F      G
               +--------+--------+--------+--------+--------+-----+--------+
         Total |   5509 |   5347 |    162 |    733 |   3512 |   9 |  612.1 |
       Dungeon |   5467 |   5305 |    162 |    733 |   3512 |   8 |  683.4 |
        Bailey |     41 |     41 |      0 |      0 |      0 |   1 |   41.0 |
               +--------+--------+--------+--------+--------+-----+--------+

Top non-repeatable levels by time:
     D:6: 1636 daAuts
     D:1: 1247 daAuts
     D:4: 900 daAuts
     D:2: 652 daAuts
     D:5: 621 daAuts
     D:7: 271 daAuts
     D:8: 98 daAuts
  Bailey: 41 daAuts
     D:3: 39 daAuts
